 Dungeon Crawl Stone Soup version 0.27.0-1-g7a089689b8 (webtiles) character file.

Game seed: 11878640003467216210

70 ZARRMARR the Chopper (level 4, -6/40 HPs)
             Began as a Hill Orc Monk on Aug 14, 2021.
             Mangled by a gnoll (11 damage)
             ... on level 2 of the Dungeon.
             The game lasted 00:07:42 (2081 turns).

ZARRMARR the Chopper (Hill Orc Monk)                Turns: 2081, Time: 00:07:42

Health: -6/40      AC:  6    Str: 14    XL:     4   Next: 22%
Magic:  4/4        EV: 11    Int: 10    God:
Gold:   99         SH:  0    Dex: 13    Spells: 3/3 levels left

rFire    . . .     SeeInvis .   a - +0 hand axe
rCold    . . .     Faith    .   (no shield)
rNeg     . . .     Spirit   .   e - +0 ring mail
rPois    .         Reflect  .   m - +0 helmet
rElec    .         Harm     .   (no cloak)
rCorr    .         Rampage  .   (no gloves)
Will     .....                  (no boots)
Stlth    +.........             (no amulet)
HPRegen  0.13/turn              (no ring)
MPRegen  0.09/turn              (no ring)

@: no status effects
A: no striking features
a: no special abilities


You were on level 2 of the Dungeon.
You visited 1 branch of the dungeon, and saw 3 of its levels.

You collected 99 gold pieces.

Inventory:

Hand Weapons
 a - a +0 hand axe (weapon)
Missiles
 c - a throwing net
 h - 7 poisoned darts (quivered)
 i - 44 stones
Armour
 e - a +0 ring mail (worn)
 m - a +0 helmet (worn)
Jewellery
 f - an amulet of magic regeneration
Scrolls
 b - a scroll of fog {unknown}
 d - a scroll of identify
 g - 2 scrolls of acquirement
 k - a scroll of magic mapping {unknown}


   Skills:
 + Level 4.1 Fighting
 + Level 4.3 Axes
 + Level 2.1 Throwing
 + Level 1.0 Armour
 + Level 2.6 Dodging
 + Level 1.7 Stealth


You had 3 spell levels left.
You didn't know any spells.
Your spell library contained the following spells:

 Spells                   Type           Power      Damage    Failure   Level
 Beastly Appendage        Tmut           0%         N/A       61%         1
 Wereblood                Tmut           0%         N/A       75%         2
 Spider Form              Tmut/Pois      0%         N/A       93%         3


Dungeon Overview and Level Annotations

Branches:
Dungeon (3/15)

Altars:
Ru
Trog

Annotations:
D:2 Crazy Yiuf


Message History

The gnoll hits you but does no damage. The gnoll closely misses you.
You hit the gnoll.
The gnoll is heavily wounded.
The gnoll closely misses you. The gnoll misses you.
You hit the gnoll.
The gnoll is severely wounded.
The gnoll hits you from afar with a +0 halberd!
You barely miss the gnoll.
The gnoll is severely wounded.
The gnoll misses you. The gnoll hits you with a +0 club.
The gnoll barely misses you.
You hit the gnoll.
You kill the gnoll!
The gnoll hits you from afar with a +0 halberd.
* * * LOW HITPOINT WARNING * * *
Your Throwing skill increases to level 2!
There is a stone staircase leading up here.
You see here a rat skeleton.
The gnoll hits you with a +0 halberd.
* * * LOW HITPOINT WARNING * * *
There is a stone staircase leading up here.
The gnoll hits you but does no damage. The gnoll hits you with a +0 halberd.
* * * LOW HITPOINT WARNING * * *
You climb upwards.
Level annotation: Crazy Yiuf
There is a stone staircase leading down here.
As you read the scroll labelled ROIRYN QOICW, it crumbles to dust.
It is a scroll of identify.
g - 2 scrolls of acquirement The gnoll barely misses you.
You barely miss the gnoll.
The gnoll is lightly wounded.
The gnoll barely misses you.
You hit the gnoll.
The gnoll is lightly wounded.
The gnoll barely misses you.
You hit the gnoll.
The gnoll is moderately wounded.
The gnoll hits you with a +0 halberd!
You die...

###................#########'#.#
..............##+######## #.#.#
########................####.#+##
# #...................#.......# #
#...................#(......# #
#...................#.......# #
#.[..........####............ #
#####.........g# #.....##.#### #
#...).........@# #.....##.....
#.#########...## #.....#######
#...#...#.....#################
#.#.#.#.#.#...'................
#.#.#.#.#.#...#################
#.#.#.#.#.#...# #.#.#.#.#.#...#
#.#.#.#.#.#...# #.#.#.#.#.#...#


You could see a gnoll.

Vanquished Creatures
  A gnoll (D:3)
  3 dart slugs (D:1)
  8 bats
  3 endoplasms
  3 goblins
  5 hobgoblins
  8 jackals
  2 quokkas
  6 ball pythons
  3 frilled lizards
  2 kobolds
  5 rats
49 creatures vanquished.

Notes
Turn   | Place    | Note
-------+----------+-------------------------------------------
     0 | D:1      | ZARRMARR the Hill Orc Monk began the quest for the Orb.
     0 | D:1      | Reached XP level 1. HP: 19/19 MP: 1/1
    82 | D:1      | Reached XP level 2. HP: 27/27 MP: 2/2
   241 | D:1      | Reached skill level 1 in Throwing
   297 | D:1      | Reached XP level 3. HP: 33/33 MP: 3/3
   305 | D:1      | Found a faded altar of an unknown god.
   976 | D:2      | Found a bloodstained altar of Trog.
  1301 | D:2      | Reached skill level 1 in Armour
  1544 | D:2      | Found a runed translucent door.
  1545 | D:2      | Noticed Crazy Yiuf
  1813 | D:3      | Reached XP level 4. HP: 40/40 MP: 4/4
  1933 | D:3      | Found a sacrificial altar of Ru.
  2078 | D:2      | Identified 2 scrolls of acquirement
  2081 | D:2      | Mangled by a gnoll

Illustrated notes

Levels and vault maps discovered:
D:1:      eino_arrival_water_star, layout_basic,
          hellmonk_ecumenical_altar_inner_sanctum
D:2:      layout_basic, basic_altar, minivault_27,
          minmay_misc_feat_secret_circle, minmay_statues_item,
          uniq_crazy_yiuf_cottage
D:3:      layout_loops_ring, nicolae_ru_awakened_eye, serial_co_window_serial,
          co_window_corner_a, co_window_paths_a, co_window_corner_a,
          co_window_paths_a, co_window_corner_a, co_window_corner_b,
          co_window_paths_c, co_window_corner_ca, co_window_of_opportunity_c,
          co_window_unsneaky_path_a, glass_columns_a

Skill      XL: |  1  2  3  4 |
---------------+-------------+-----
Fighting       | 4 |  4.1
Throwing       | 1 2 |  2.1
Armour         | 1 |  1.0
Axes           | |  4.3
Dodging        | |  2.6
Stealth        | |  1.7

Action                   |  1- 3 |  4- 6 || total
-------------------------+-------+-------++-------
Melee: Hand axe          |    62 |    17 ||    79
Throw: Boomerang         |    79 |       ||    79
       Dart              |     8 |       ||     8
  Use: Scroll            |     4 |     1 ||     5
       Potion            |     1 |       ||     1
Armor: Ring mail         |    31 |     7 ||    38
Dodge: Dodged            |    32 |    13 ||    45
